 Dungeon Crawl Stone Soup version 0.31-a0-174-g85c54bcb58 (webtiles) character file.

Game seed: 5456438876151499001

15050 dohliylev the Severer (level 11, 0/102 HPs)
             Began as a Minotaur Berserker on June 15, 2023.
             Was a High Priest of Trog.
             Slain by Snorg (1 damage)
             ... on level 10 of the Dungeon.
             The game lasted 00:19:14 (9103 turns).

dohliylev the Severer (Minotaur Berserker)          Turns: 9103, Time: 00:19:15

Health: 0/102      AC: 17    Str: 27    XL:     11   Next: 96%
Magic:  10/10      EV: 13    Int:  2    God:    Trog [*****.]
Gold:   2031       SH:  0    Dex:  9    Spells: 10/10 levels left

rFire   . . .        o - +0 war axe (flame)
rCold   + + .        a - orb {mayhem}
rNeg    + . .        N - +6 ring mail "Quse" {rN+ Regen+ Int-2}
rPois   .            (helmet restricted)
rElec   .            y - +1 cloak
rCorr   .            D - +0 pair of gloves
SInv    .            (no boots)
Will    ++...        E - amulet of faith Stlth
                     g - ring of protection from cold
HPRegen 2.17/turn    l - ring of protection from cold
MPRegen 0.12/turn

%: mayhem, faith
@: strong-willed, regenerating
A: horns 2, retaliatory headbutt
a: Renounce Religion, Berserk, Trog's Hand, Brothers in Arms


You were on level 10 of the Dungeon.
You worshipped Trog.
Trog was extremely pleased with you.
You visited 1 branch of the dungeon, and saw 10 of its levels.
You also visited: Bailey.

You collected 2031 gold pieces.

Inventory:

Hand Weapons
 o - a +0 war axe of flaming (weapon)
Armour
 a - an orb of mayhem (worn)
 s - +0 swamp dragon scales
 y - a +1 cloak (worn)
 D - a +0 pair of gloves (worn)
 G - a +0 robe of fire resistance
 N - the +6 ring mail "Quse" (worn) {rN+ Regen+ Int-2}
   (You found it on level 9 of the Dungeon)

   Int:       It affects your intelligence (-2).
   rN:        It protects you from negative energy.
   Regen:     It increases your rate of health regeneration.
Jewellery
 g - a ring of protection from cold (left hand)
 l - a ring of protection from cold (right hand)
 E - an amulet of faith (around neck)
 H - a ring of ice
 L - a ring of protection from cold
Wands
 q - a wand of charming (5)
 r - a wand of polymorph (3)
 t - a wand of flame (16)
 C - a wand of acid (4)
 K - a wand of iceblast (6)
Scrolls
 f - 3 scrolls of revelation
 j - 2 scrolls of teleportation
 u - 3 scrolls of enchant weapon
 x - 2 scrolls of fear
 J - a scroll of enchant armour {unknown}
 M - a scroll of blinking {unknown}
Potions
 b - 2 potions of mutation {unknown}
 c - 2 potions of cancellation {unknown}
 d - 2 potions of attraction {unknown}
 e - 4 potions of magic {unknown}
 h - 5 potions of curing {unknown}
 i - a potion of haste {unknown}
 k - 4 potions of berserk rage {unknown}
 m - 3 potions of lignification {unknown}
 p - a potion of degeneration {unknown}
 w - 3 potions of enlightenment {unknown}
 z - 4 potions of heal wounds {unknown}
 F - 2 potions of might {unknown}
 I - 3 potions of brilliance {unknown}
 O - 2 potions of invisibility {unknown}


   Skills:
 + Level 11.4 Fighting
 + Level 16.4 Axes
 + Level 10.4 Armour
 + Level 7.5 Dodging


You had 10 spell levels left.
You didn't know any spells.
Your spell library was empty.

Dungeon Overview and Level Annotations

Branches:
Dungeon (10/15)            Temple (0/1) D:4            Lair (0/5) D:8
    Orc (0/2) D:9          Bailey (visited)

Altars:
Cheibriados
Ru
Sif Muna
The Shining One
Jiyva

Shops:
D:7 *

Annotations:
D:7 2 transporters
D:10 Snorg


Innate Abilities, Weirdness & Mutations

You have a pair of horns on your head.
You reflexively headbutt those who attack you in melee.


Message History

The centaur misses you.
You slash the centaur! You burn the centaur. You headbutt the centaur!
You kill the centaur!
Trog accepts your kill.
You see here a +2 orcbow of flaming.
You hit Snorg. You burn Snorg.
Snorg is lightly wounded.
Snorg bites you but does no damage. Snorg claws you.
Snorg claws you but does no damage.
You closely miss Snorg.
Snorg is lightly wounded.
Snorg bites you but does no damage. Snorg barely misses you. Snorg claws you.
You slash Snorg! You burn Snorg. You headbutt Snorg!
Snorg is lightly wounded.
Snorg misses you. Snorg barely misses you. Snorg claws you!
You slice Snorg!! You burn Snorg. You headbutt Snorg.
Snorg is moderately wounded.
Snorg closely misses you. Snorg claws you! Snorg misses you.
You slice Snorg!! You burn Snorg!
Snorg is heavily wounded.
Snorg bites you! Snorg claws you! Snorg barely misses you.
You closely miss Snorg. You headbutt Snorg!
Snorg is severely wounded.
Snorg bites you! Snorg claws you but does no damage. Snorg barely misses you.
You barely miss Snorg. Your headbutt misses Snorg.
Snorg is severely wounded.
Snorg bites you! Snorg closely misses you. Snorg misses you. Snorg bites you!
* * * LOW HITPOINT WARNING * * *
Snorg barely misses you. Snorg claws you!!
* * * LOW HITPOINT WARNING * * *
Okay, then.
Okay, then.
Your skin crawls.
You feel strong-willed. Snorg barely misses you. You furiously retaliate!
You headbutt Snorg. Snorg claws you but does no damage. Snorg claws you.
* * * LOW HITPOINT WARNING * * *
Unknown command.
Snorg attacks as you move away! Snorg bites you.
You die...

#+## ####+###### #..#
#.........# #####.##
#.........####.......
#.........##.....>...
#.........+ #.......
#.........# #....)..
#.........# #.......
#...@T....# #####.##
#.........# ####.#
######'#### #....#
####...# #.####
##....### #.# #..####
###'##### ##'########
#.......# #..........
#.......# #..........
#.......#


You could see Snorg (berserk).

Vanquished Creatures
  Harold (D:10)
  Erica (D:8)
  A two-headed ogre (D:9)
  The ghost of mopl the Magician, a novice OpHW of Vehumet (D:9)
  Lodul (D:10)
  4 orc knights (Bailey)
  Joseph (D:9)
  A slime creature (D:9)
  Maggie (D:10)
  A gargoyle (D:10)
  2 kobold demonologists (Bailey)
  A troll (D:8)
  Grinder (D:4)
  A wraith (D:9)
  Eustachio (D:5)
  15 yaks
  A steam dragon (D:7)
  Edmund (D:5)
  Duvessa (D:4)
  8 orc warriors
  An ice beast (D:6)
  2 sky beasts (D:7)
  A wolf (D:8)
  8 ogres (D:10)
  A centaur (D:10)
  A phantom (D:5)
  2 kobold brigands (D:6)
  5 bullfrogs
  2 scorpions (D:3)
  3 wights (D:5)
  Dowan (D:4)
  6 killer bees (D:7)
  2 howler monkeys (D:8)
  7 electric eels
  3 hounds
  2 orc priests (D:8)
  2 gnoll boudas
  7 jellies
  2 sleepcaps
  Ijyb (D:4)
  Jessica (D:2)
  4 orc wizards
  Natasha (D:4)
  3 iguanas
  11 gnolls
  An adder (D:2)
  A shadow imp (D:6)
  2 white imps
  A worm (D:4)
  37 orcs
  9 ball pythons
  2 bats (D:1)
  6 endoplasms
  6 giant cockroaches
  16 goblins
  14 hobgoblins
  7 jackals
  4 quokkas
  2 frilled lizards (D:3)
  10 kobolds
  3 rats
245 creatures vanquished.

Vanquished Creatures (collateral kills)
  2 yaks (D:9)
  An orc warrior (Bailey)
  4 wolves (D:8)
  A centaur (D:8)
  An electric eel (D:8)
  2 hounds (D:8)
  2 orc priests (D:9)
  2 orc wizards
  2 gnolls (D:7)
  A white imp (D:8)
  20 orcs
  4 goblins
  3 hobgoblins
  A kobold (D:6)
46 creatures vanquished.

Vanquished Creatures (others)
  A yak (D:9)
  An orc warrior (D:9)
  Robin (D:4)
  2 orcs (D:9)
  2 goblins
7 creatures vanquished.

Grand Total: 298 creatures vanquished

Notes
Turn   | Place    | Note
-------+----------+-------------------------------------------
     0 | D:1      | dohliylev the Minotaur Berserker began the quest for the
                  | Orb.
     0 | D:1      | Reached XP level 1. HP: 19/19 MP: 0/0
   157 | D:1      | Reached skill level 4 in Axes
   157 | D:1      | Reached XP level 2. HP: 24/27 MP: 1/1
  1059 | D:2      | Noticed Jessica
  1065 | D:2      | Killed Jessica
  1066 | D:2      | Reached XP level 3. HP: 32/34 MP: 2/2
  1109 | D:2      | Reached ** piety under Trog
  1356 | D:3      | Reached XP level 4. HP: 34/41 MP: 3/3
  1468 | D:3      | Reached skill level 5 in Axes
  1659 | D:3      | Noticed a scorpion
  1663 | D:3      | Killed a scorpion
  1762 | D:3      | Reached XP level 5. HP: 43/47 MP: 4/4
  1837 | D:3      | Identified the ring of Lyihir {Wiz *Slow rF++ Dex+2 SInv}
  2390 | D:4      | Noticed Grinder
  2391 | D:4      | Noticed Duvessa
  2392 | D:4      | Noticed Dowan
  2396 | D:4      | Killed Duvessa
  2397 | D:4      | Reached skill level 5 in Fighting
  2397 | D:4      | Reached skill level 6 in Axes
  2397 | D:4      | Reached XP level 6. HP: 56/56 MP: 5/5
  2399 | D:4      | Killed Grinder
  2400 | D:4      | Reached skill level 7 in Axes
  2400 | D:4      | Reached skill level 5 in Armour
  2400 | D:4      | Reached XP level 7. HP: 61/61 MP: 6/6
  2413 | D:4      | Killed Dowan
  2514 | D:4      | You fall into a shaft and drop 1 floor!
  2514 | D:5      | Entered Level 5 of the Dungeon
  2584 | D:5      | Found a glowing golden altar of the Shining One.
  2585 | D:5      | Found a snail-covered altar of Cheibriados.
  2675 | D:5      | Noticed Edmund
  2682 | D:5      | Killed Edmund
  2771 | D:5      | Reached skill level 8 in Axes
  2829 | D:4      | Noticed Ijyb
  2839 | D:4      | Killed Ijyb
  2938 | D:4      | Noticed Robin
  2945 | D:4      | Reached *** piety under Trog
  2948 | D:4      | Killed Robin
  2954 | D:4      | Reached XP level 8. HP: 68/70 MP: 7/7
  2992 | D:4      | Noticed Natasha
  2997 | D:4      | Killed Natasha
  3325 | D:4      | Found a staircase to the Ecumenical Temple.
  3649 | D:5      | Noticed Eustachio
  3659 | D:5      | Killed Eustachio
  3709 | D:5      | Reached skill level 9 in Axes
  4703 | D:6      | Reached skill level 10 in Axes
  4827 | D:6      | Identified the +0 chain mail of Viunithi {Will+}
  5198 | D:7      | Reached **** piety under Trog
  5199 | D:7      | Reached XP level 9. HP: 79/79 MP: 8/8
  5266 | D:7      | Found a transporter.
  5319 | D:7      | Found a transporter.
  5426 | D:7      | Reached skill level 11 in Axes
  5501 | D:7      | Found Odeghext's General Store.
  5506 | D:7      | Identified the +4 falchion of the Apocalypse {holy, Int+8}
  5893 | D:8      | Noticed a troll
  5900 | D:8      | Reached skill level 5 in Dodging
  5906 | D:8      | Reached skill level 12 in Axes
  6067 | D:8      | Found a staircase to the Lair.
  6238 | D:8      | Noticed Erica
  6260 | D:8      | Killed Erica
  6261 | D:8      | Reached XP level 10. HP: 34/90 MP: 9/9
  7049 | D:9      | Noticed Joseph
  7057 | D:9      | Killed Joseph
  7058 | D:9      | Reached skill level 13 in Axes
  7240 | D:9      | Noticed a two-headed ogre
  7246 | D:9      | Killed a two-headed ogre
  7347 | D:9      | Reached ***** piety under Trog
  7359 | D:9      | Reached skill level 14 in Axes
  7430 | D:9      | Identified the +6 ring mail "Quse" {rN+ Regen+ Int-2}
  7533 | D:9      | Found a staircase to the Orcish Mines.
  7631 | D:9      | Found a shimmering blue altar of Sif Muna.
  7632 | D:9      | Found a sacrificial altar of Ru.
  7692 | D:9      | Found a flagged portal.
  7708 | Bailey   | Entered a bailey
  7781 | Bailey   | Received a gift from Trog
  7794 | Bailey   | Noticed an orc knight
  7801 | Bailey   | Noticed a smoke demon
  7804 | Bailey   | Noticed a smoke demon
  7808 | Bailey   | Noticed an orange demon
  7809 | Bailey   | Killed an orc knight
  7810 | Bailey   | Reached XP level 11. HP: 99/99 MP: 10/10
  7882 | Bailey   | Reached skill level 10 in Fighting
  7922 | Bailey   | Noticed an orc knight
  7932 | Bailey   | Killed an orc knight
  7979 | Bailey   | Noticed an orc knight
  7995 | Bailey   | Killed an orc knight
  7996 | Bailey   | Reached skill level 15 in Axes
  8101 | Bailey   | Found an iron altar of Okawaru.
  8319 | Bailey   | Noticed an orc knight
  8332 | Bailey   | Killed an orc knight
  8458 | D:9      | Acquired 886 gold pieces
  8542 | D:9      | Found a runed translucent gate.
  8542 | D:9      | Found a runed translucent gate.
  8543 | D:9      | Found a runed translucent gate.
  8545 | D:9      | Noticed mopl's ghost (novice OpHW)
  8549 | D:9      | Found a viscous altar of Jiyva.
  8566 | D:9      | Reached skill level 10 in Armour
  8586 | D:9      | Killed mopl's ghost
  8660 | D:10     | Entered Level 10 of the Dungeon
  8728 | D:10     | Noticed Maggie
  8746 | D:10     | Killed Maggie
  8815 | D:10     | Noticed Lodul
  8829 | D:10     | Killed Lodul
  8830 | D:10     | Reached skill level 16 in Axes
  8903 | D:10     | Noticed Harold
  8919 | D:10     | Killed Harold
  9089 | D:10     | Noticed Snorg
  9101 | D:10     | HP: 2/102 [Snorg (18)]
  9103 | D:10     | Slain by Snorg

Illustrated notes

Levels and vault maps discovered:
D:1:      matt_arrival_los_fun, layout_loops_ring
D:2:      layout_basic, uniq_jessica
D:3:      layout_loops_corners, minmay_three_crescents
D:4:      layout_basic, temple_hall, minmay_cupped, uniq_ijyb, uniq_grinder,
          uniq_robin, uniq_duvessa, uniq_natasha
D:5:      layout_loops_cross, jmf_multi_god_temple, minivault_23, uniq_edmund,
          uniq_eustachio
D:6:      cheibrodos_thug_alley, layout_basic
D:7:      gammafunk_cloud_chamber, layout_cave_pools, serial_shops, shop
D:8:      layout_cave_pods, erik_lair_island, uniq_erica
D:9:      layout_roguey [special_room_orc], gammafunk_temple_overflow_pools,
          david_orc_3, gammafunk_ghost_ooze, enter_bailey_3, uniq_joseph
D:10:     layout_roguey, kennysheep_mini, uniq_snorg, uniq_harold, uniq_maggie,
          uniq_lodul

Skill      XL: |  1  2  3  4  5  6  7  8  9 10 11 |
---------------+----------------------------------+-----
Axes           | 4 5 6 7 8 10 12 14 16 | 16.4
Fighting       | 4 5 6 7 8 9 11 | 11.4
Armour         | 3 4 5 6 7 8 9 10 | 10.4
Dodging        | 3 4 5 6 7 |  7.5

Action                     |  1- 3 |  4- 6 |  7- 9 | 10-12 || total
---------------------------+-------+-------+-------+-------++-------
  Melee: Hand axe          |    54 |     7 |       |       ||    61
         Headbutt          |     6 |     2 |    43 |    60 ||   111
         War axe           |       |    43 |   249 |   296 ||   588
 Invoke: Berserk           |       |     1 |     6 |     8 ||    15
         Trog's Hand       |       |       |     3 |     1 ||     4
    Use: Scroll            |       |       |       |     7 ||     7
   Stab: Sleeping          |     1 |       |       |       ||     1
         Distracted        |       |       |     1 |       ||     1
 Armour: Animal skin       |     3 |       |       |       ||     3
         Ring mail         |    14 |    20 |     5 |    46 ||    85
         Swamp dragon scal |       |       |    99 |    15 ||   114
  Dodge: Dodged            |    32 |    32 |   146 |   108 ||   318

Table legend: (Time is in decaauts)
 A = Elapsed time spent in this place.
 B = Non-inter-level travel time spent in this place.
 C = Inter-level travel time spent in this place.
 D = Time resting spent in this place.
 E = Time spent auto-exploring this place.
 F = Levels seen in this place.
 G = Mean time per level.
                   A        B        C        D        E       F      G
               +--------+--------+--------+--------+--------+-----+--------+
         Total |   9220 |   9029 |    191 |   1436 |   5857 |  11 |  838.2 |
       Dungeon |   8446 |   8255 |    191 |   1251 |   5455 |  10 |  844.6 |
        Bailey |    773 |    773 |      0 |    184 |    402 |   1 |  773.0 |
               +--------+--------+--------+--------+--------+-----+--------+

Top non-repeatable levels by time:
     D:8: 1304 daAuts
     D:3: 1085 daAuts
     D:4: 980 daAuts
     D:6: 938 daAuts
     D:5: 928 daAuts
     D:9: 871 daAuts
  Bailey: 773 daAuts
     D:1: 731 daAuts
     D:2: 584 daAuts
     D:7: 576 daAuts
    D:10: 445 daAuts
